 Dungeon Crawl Stone Soup version 0.26-a0-259-g1effd001a9 (webtiles) character file.

Game seed: 12589666951467142185

131581 Apogee the Severer (level 16, -5/160 HPs)
             Began as a Minotaur Berserker on July 16, 2020.
             Was the Champion of Trog.
             Slain by a death yak (7 damage)
             ... led by Polyphemus
             ... on level 4 of the Shoals.
             The game lasted 00:46:51 (28966 turns).

Apogee the Severer (Minotaur Berserker)            Turns: 28966, Time: 00:46:52

Health: -5/160     AC: 29    Str: 27    XL:     16   Next: 55%
Magic:  15/15      EV:  9    Int:  8    God:    Trog [******]
Gold:   2284       SH:  0    Dex:  5    Spells: 15/15 levels left

rFire    + . .     SeeInvis .   V - +11 hand axe of Coaplaah {freeze, MR++ Int+4 Dex-5}
rCold    + + .     Faith    .   (no shield)
rNeg     + + .     Spirit   .   P - +0 plate armour
rPois    .         Reflect  .   u - +1 hat
rElec    .         Harm     .   E - scarf {rC+ rF+}
rCorr    +                      e - +3 pair of gloves of Conscience {rN++ rCorr Dex-2 Stlth+}
MR       +++..                  v - +0 pair of boots of the Hills {+Blink} (curse)
Stlth    ..........             Y - amulet of Leaves {rC+ Regen+}
HPRegen  0.76/turn              w - +4 ring of slaying
MPRegen  0.14/turn              C - +4 ring of protection

@: lethally poisoned (-5 -> -12), berserk cooldown, slowed, very slow
A: retaliatory headbutt, horns 2
a: Berserk, Trog's Hand, Brothers in Arms, Renounce Religion, Evoke Blink


You were on level 4 of the Shoals.
You worshipped Trog.
Trog was exalted by your worship.
You were not hungry.

You visited 4 branches of the dungeon, and saw 27 of its levels.
You also visited: Gauntlet.

You collected 2419 gold pieces.
You spent 135 gold pieces at shops.

Inventory:

Hand Weapons
 Q - a +6 battleaxe of venom
 V - the +11 hand axe of Coaplaah (weapon) {freeze, MR++ Int+4 Dex-5}
   (You found it on level 11 of the Dungeon)

   It has been specially enchanted to freeze those struck by it, causing extra
   injury to most foes and up to half again as much damage against particularly
   susceptible opponents.
   It can also slow down cold-blooded creatures.
   It affects your intelligence (+4).
   It affects your dexterity (-5).
   It affects your resistance to hostile enchantments.
Missiles
 a - 23 javelins (quivered)
 i - 44 silver javelins
 m - 72 boomerangs
Armour
 e - the +3 pair of gloves of Conscience (worn) {rN++ rCorr Dex-2 Stlth+}
   (You acquired it on level 3 of the Lair of Beasts)

   It affects your dexterity (-2).
   It greatly protects you from negative energy.
   It provides partial protection from all sources of acid and corrosion.
   It makes you more stealthy.
 u - a +1 hat (worn)
 v - the cursed +0 pair of boots of the Hills (worn) {+Blink}
   (You found it on level 6 of the Dungeon)

   It lets you blink.
   It has a curse placed upon it.
 z - the +0 hat "Haent" {rN+ Int+3}
   (You found it in a Gauntlet)

   It affects your intelligence (+3).
   It protects you from negative energy.
 E - a scarf of resistance (worn)
 P - a +0 plate armour (worn)
Jewellery
 g - the amulet of Day {Spirit rF++ Str+3 Slay-4 SInv}
   (You acquired it on level 6 of the Lair of Beasts)

   [amulet of guardian spirit]

   It causes incoming damage to be split between your health and magic.
   It affects your strength (+3).
   It affects your accuracy and damage with ranged weapons and melee attacks
   (-4).
   It greatly protects you from fire.
   It lets you see invisible.
 o - a +4 ring of protection
 r - an uncursed ring of flight
 w - a +4 ring of slaying (left hand)
 x - an uncursed ring of poison resistance {unknown}
 B - an uncursed ring of fire
 C - a +4 ring of protection (right hand)
 F - the ring of Kitanesk {rPois rC+ Int+3}
   (You acquired it on level 4 of the Shoals)

   [ring of protection from cold]

   It affects your intelligence (+3).
   It protects you from cold.
   It protects you from poison.
 H - an uncursed ring of protection from magic
 L - an uncursed ring of see invisible
 U - an uncursed ring of positive energy
 W - an uncursed ring of fire
 Y - the amulet of Leaves (around neck) {rC+ Regen+}
   (You found it on level 3 of the Lair of Beasts)

   [amulet of regeneration]

   It protects you from cold.
   It increases your rate of regeneration.
 Z - an uncursed amulet of reflection
Wands
 A - a wand of clouds (13)
 M - a wand of iceblast (9)
 N - a wand of acid (19)
 S - a wand of digging (4)
Scrolls
 b - 2 scrolls of enchant weapon
 d - 22 scrolls of identify
 h - a scroll of blinking
 j - 2 scrolls of immolation
 n - 5 scrolls of fog
 p - 14 scrolls of remove curse
 s - 7 scrolls of enchant armour
 t - 9 scrolls of teleportation
 y - a scroll of magic mapping
 G - a scroll of holy word
 I - a scroll of fear
Potions
 f - 2 potions of heal wounds
 k - 10 potions of curing
 l - a potion of invisibility
 q - 2 potions of cancellation
 D - a potion of might
 J - 6 potions of mutation
 X - 2 potions of haste
Miscellaneous
 K - a phantom mirror
Comestibles
 c - 42 rations


   Skills:
 + Level 19.2 Fighting
 - Level 20.0 Axes
 - Level 8.0 Throwing
 - Level 18.0 Armour
 - Level 2.1 Dodging


You had 15 spell levels left.
You didn't know any spells.
Your spell library contained the following spells:

 Spells                   Type           Power        Failure   Level
 Corpse Rot               Necr/Air       N/A          98%         2
 Frozen Ramparts          Ice            #.....       100%        3
 Airstrike                Air            #.........   100%        4
 Tornado                  Air            #.........   100%        9


Dungeon Overview and Level Annotations

Branches:
Dungeon (15/15)            Temple (0/1) D:5            Lair (6/6) D:9
 Shoals (4/4) Lair:3        Snake (0/4) Lair:2        Slime (0/5) Lair:6
    Orc (2/2) D:11            Elf (0/3) Orc:2        Vaults (0/5) D:14
 Depths (0/5) D:15        Gauntlet (visited)

Altars:
Ashenzari
Dithmenos
Fedhas
Nemelex Xobeh
Trog
Wu Jian
Xom
The Shining One
Beogh

Shops:
D:8 *   D:13 =:(   Orc:2 [([(   Shoals:1 !   Shoals:2 (

Annotations:
D:8 1 runed translucent door, catzilla's ghost, novice MiBe
D:9 exclusion: door
Shoals:4 Polyphemus
Orc:2 2 transporters, iles's ghost, journeyman MiBe


Innate Abilities, Weirdness & Mutations

You reflexively headbutt those who attack you in melee.
You have a pair of horns on your head.


Message History

The merfolk javelineer hits you from afar with a +2 vampiric spear!
* * * LOW HITPOINT WARNING * * *
The death yak gores you but does no damage. x2
The sea snake seems to regain its courage.
The merfolk javelineer hits you but does no damage.
The death yak gores you but does no damage. x2
You turn to flesh and can move again.
As you read the scroll of fear, it crumbles to dust.
You assume a fearsome visage.
The sea snake looks frightened!
The satyr looks frightened!
The merfolk javelineer looks frightened!
Polyphemus looks frightened!
The catoblepas looks frightened!
The death yak resists with almost no effort. x2
The death yak resists with some effort.
The death yak looks frightened!
You feel very sick.
The death yak is no longer petrified.
The death yak gores you!!
* * * LOW HITPOINT WARNING * * *
The death yak gores you but does no damage.
The death yak gores you!
You die...

≈≈≈≈≈≈≈≈≈≈###≈#c#≈#**≈≈≈≈≈≈≈≈≈
≈≈≈≈≈≈≈m≈c≈#mS≈≈≈,,**≈≈≈≈≈,,,,
≈≈≈≈≈≈≈≈≈≈##≈m#≈,,,*≈≈≈≈≈≈,,,*
≈≈≈≈≈≈≈≈≈≈()###*###.≈≈≈≈≈≈,,,*
≈≈≈≈≈≈≈≈≈≈≈≈(S##≈.≈..≈≈≈≈≈,,,,
≈≈≈≈≈≈≈≈≈≈≈m(≈..Y....≈≈≈≈≈,,,,
≈≈≈≈≈≈≈≈≈≈≈≈≈($....Y..,≈,,,,,,
≈≈≈≈≈≈≈≈≈≈≈(YYY..<....,,,,,,,,
≈≈≈≈≈≈≈≈≈≈≈≈.@...C....,,,,,***
≈≈≈≈≈≈≈≈≈≈≈≈≈.........,,,,,***
≈≈≈≈≈≈≈≈≈≈≈≈≈........≈,,,,,,,,
≈≈≈≈≈≈≈≈≈≈≈≈≈≈........,,**,,,,
≈≈≈≈≈≈≈≈≈≈≈≈≈.≈(......,,**,,,,
≈≈≈≈≈≈≈≈≈≈≈≈≈≈≈≈......,,,,,,≈≈
≈≈≈≈≈≈≈≈≈≈≈≈.≈≈≈≈....,,,,,≈≈≈≈
≈≈≈≈≈≈≈≈≈≈≈≈≈≈≈≈≈≈≈≈≈≈≈≈≈≈≈≈≈≈
≈≈≈≈≈≈≈≈≈≈≈≈≈≈≈≈≈≈≈≈,≈≈≈≈≈≈≈≈≈


You could see Polyphemus (fleeing), a merfolk javelineer (fleeing), 4 death
yaks, a catoblepas (fleeing), a satyr (fleeing), a sea snake (fleeing) and a
merfolk.

Vanquished Creatures
  2 krakens (Shoals:3)
  An orc warlord (Orc:2)
  A reaper (Gauntlet)
  A minotaur (Gauntlet)
  2 merfolk javelineers
  A merfolk impaler (Shoals:2)
  An ogre mage (D:15)
  A rakshasa (D:15)
  2 vault guards (D:14)
  2 merfolk avatars (Shoals:4)
  3 hydras
  3 centaur warriors
  A death knight (D:15)
  A satyr (Shoals:2)
  13 two-headed ogres
  2 merfolk aquamancers
  A tengu warrior (D:15)
  Urug (D:12)
  2 fire crabs (Shoals:3)
  A skeletal warrior (D:15)
  4 sea snakes
  An orange crystal statue (Gauntlet)
  3 wizards
  2 necromancers (D:14)
  An orc knight (D:15)
  6 harpies
  5 deep elf magi
  12 ugly things
  A harpy (shapeshifter) (D:15)
  4 orc sorcerers (Orc:2)
  8 cyclopes
  7 manticores
  12 fauns
  A centaur zombie (D:13)
  3 water nymphs
  11 merfolk sirens
  10 elephants
  4 black mambas
  15 cane toads
  2 gargoyles
  6 kobold demonologists
  2 rime drakes (Lair:6)
  5 komodo dragons
  A yaktaur (D:14)
  An efreet (D:15)
  A freezing wraith (D:15)
  3 hellwings (Gauntlet)
  9 trolls
  4 tyrant leeches (Lair:6)
  A meliai (shapeshifter) (D:13)
  2 hornets
  3 meliai (D:15)
  3 polar bears
  30 merfolk
  2 wind drakes (Shoals:3)
  17 blink frogs (Lair:6)
  25 dream sheep
  7 slime creatures
  3 snapping turtles
  Grinder (D:4)
  4 hippogriffs
  A shadow (D:14)
  37 yaks
  3 wraiths (D:15)
  A tarantella (shapeshifter) (D:13)
  5 wyverns
  5 water elementals
  7 basilisks
  Grum (D:8)
  19 humans (D:14)
  A fire bat (Shoals:3)
  11 vampire mosquitoes
  Menkaure (D:7)
  A warg (Orc:2)
  21 water moccasins
  A floating eye (shapeshifter) (D:15)
  A hornet zombie (D:6)
  31 orc warriors
  4 porcupines
  6 ice beasts
  A sky beast (shapeshifter) (D:15)
  9 sky beasts
  3 black bears
  11 ogres
  2 phantoms
  5 wolves
  9 boggarts
  2 necrophages
  11 centaurs
  13 crocodiles
  7 big kobolds
  21 bullfrogs
  6 scorpions
  A water moccasin skeleton (D:2)
  3 wights (D:10)
  21 killer bees
  An electric eel (Lair:6)
  A vampire bat (Lair:5)
  A howler monkey (D:11)
  A crimson imp (D:7)
  A quasit (D:8)
  3 hounds
  2 jellies
  19 orc priests
  25 orc wizards
  A bullfrog skeleton (D:7)
  7 centaur skeletons
  3 iguanas (D:4)
  Terence (D:2)
  A gnoll shaman (D:4)
  14 worker ants
  Natasha (D:2)
  A killer bee zombie (D:5)
  A hound zombie (D:9)
  A worker ant zombie (D:8)
  12 gnolls
  10 adders
  4 shadow imps
  5 worms
  2 dart slugs
  6 leopard geckos
  93 orcs
  11 bats
  5 giant cockroaches
  8 goblins
  5 hobgoblins
  14 jackals
  5 quokkas
  3 ball pythons (Lair:2)
  A ball python zombie (D:5)
  7 frilled lizards
  A giant cockroach zombie (D:5)
  A goblin skeleton (D:7)
  2 hobgoblin zombies (D:7)
  37 kobolds
  2 kobold zombies (D:7)
  An orc zombie (D:7)
  A quokka skeleton (D:8)
  A quokka zombie (D:6)
  6 rats
  5 fungi
  6 plants
  6 tentacles (Shoals:3)
911 creatures vanquished.

Vanquished Creatures (collateral kills)
  Nessos (Lair:6)
  A hydra (Lair:6)
  An orc sorcerer (Orc:2)
  A komodo dragon (Lair:6)
  3 blink frogs (Lair:6)
  A slime creature (Lair:6)
  A vampire mosquito (Lair:6)
  An orc warrior (Orc:2)
  2 bullfrogs (Lair:6)
  A wyvern skeleton (D:8)
  An orc (Orc:2)
14 creatures vanquished.

Vanquished Creatures (others)
  A merfolk (Shoals:3)
  A centaur simulacrum (D:14)
  6 fungi
  26 plants
  8 tentacles (Shoals:3)
  3 toadstools (D:14)
45 creatures vanquished.

Grand Total: 970 creatures vanquished

Notes
Turn   | Place    | Note
-------+----------+-------------------------------------------
     0 | D:1      | Apogee the Minotaur Berserker began the quest for the Orb.
     0 | D:1      | Reached XP level 1. HP: 19/19 MP: 0/0
    25 | D:1      | Reached skill level 4 in Axes
   381 | D:1      | Reached XP level 2. HP: 27/27 MP: 1/1
  1036 | D:1      | Reached XP level 3. HP: 33/33 MP: 2/2
  1380 | D:2      | Reached skill level 5 in Axes
  1473 | D:2      | Noticed Terence
  1493 | D:2      | Killed Terence
  1493 | D:2      | Reached XP level 4. HP: 24/41 MP: 3/3
  1724 | D:2      | Reached ** piety under Trog
  1728 | D:2      | Reached skill level 6 in Axes
  1728 | D:2      | Reached XP level 5. HP: 13/47 MP: 4/4
  2502 | D:2      | Noticed Natasha
  2509 | D:2      | Killed Natasha
  2696 | D:2      | Reached skill level 5 in Fighting
  2696 | D:2      | Reached skill level 7 in Axes
  2839 | D:3      | Reached XP level 6. HP: 56/56 MP: 5/5
  2900 | D:3      | Reached *** piety under Trog
  3286 | D:3      | Reached skill level 8 in Axes
  4105 | D:4      | Reached skill level 9 in Axes
  4105 | D:4      | Reached XP level 7. HP: 44/61 MP: 6/6
  4216 | D:4      | Found a blossoming altar of Fedhas.
  4240 | D:4      | Noticed Grinder
  4256 | D:4      | Paralysed by Grinder for 7 turns
  4270 | D:4      | Killed Grinder
  4431 | D:4      | Reached skill level 10 in Axes
  4700 | D:5      | Entered Level 5 of the Dungeon
  4789 | D:5      | Found a staircase to the Ecumenical Temple.
  4858 | D:5      | Found an ornate altar of the Wu Jian Council.
  4867 | D:5      | Reached XP level 8. HP: 68/70 MP: 7/7
  5028 | D:5      | Found a shattered altar of Ashenzari.
  5036 | D:5      | Found an ornate altar of the Wu Jian Council.
  5164 | D:5      | Reached **** piety under Trog
  5233 | D:5      | Reached skill level 11 in Axes
  5957 | D:6      | Got a pair of warped boots
  5963 | D:6      | Identified the cursed +0 pair of boots of the Hills
                  | {+Blink} (You found it on level 6 of the Dungeon)
  6369 | D:6      | Reached skill level 12 in Axes
  6610 | D:6      | Found a shimmering altar of Xom.
  6613 | D:6      | Found a sparkling altar of Nemelex Xobeh.
  6616 | D:6      | Found a blossoming altar of Fedhas.
  7113 | D:7      | Reached XP level 9. HP: 66/79 MP: 8/8
  7139 | D:7      | Found a glowing golden altar of the Shining One.
  7379 | D:7      | Noticed Menkaure
  7385 | D:7      | Killed Menkaure
  7385 | D:7      | Reached skill level 13 in Axes
  7469 | D:7      | Noticed a wizard
  7492 | D:7      | Killed a wizard
  7827 | D:7      | Found a shadowy altar of Dithmenos.
  7900 | D:7      | Reached skill level 14 in Axes
  8091 | D:8      | Found Wonusa's General Store.
  8094 | D:8      | Bought a potion of mutation for 120 gold pieces
  8094 | D:8      | Bought a potion of degeneration for 15 gold pieces
  8098 | D:8      | Noticed a two-headed ogre
  8110 | D:8      | Killed a two-headed ogre
  8110 | D:8      | Reached skill level 10 in Fighting
  8110 | D:8      | Reached XP level 10. HP: 85/94 MP: 9/9
  8504 | D:8      | Noticed Grum
  8519 | D:8      | Killed Grum
  8562 | D:8      | Found a runed translucent door.
  8563 | D:8      | Found a shimmering altar of Xom.
  8563 | D:8      | Noticed a +0 mace of chaos
  8563 | D:8      | Noticed catzilla's ghost (novice MiBe)
  8965 | D:9      | Reached ***** piety under Trog
  9217 | D:9      | Found a staircase to the Lair.
  9217 | D:9      | Noticed an elephant
  9230 | D:9      | Killed an elephant
  9326 | D:9      | Reached XP level 11. HP: 101/110 MP: 10/10
 10450 | Lair:1   | Entered Level 1 of the Lair of Beasts
 10496 | Lair:1   | Reached skill level 15 in Fighting
 10647 | Lair:1   | Received a gift from Trog
 11939 | Lair:2   | Found a staircase to the Snake Pit.
 12401 | Lair:3   | Got an ancient golden amulet
 12422 | Lair:3   | Identified the amulet of Leaves {rC+ Regen+} (You found it
                  | on level 3 of the Lair of Beasts)
 12518 | Lair:3   | Found a staircase to the Shoals.
 12524 | Lair:3   | Reached skill level 1 in Throwing
 12606 | Lair:3   | Reached skill level 5 in Armour
 12606 | Lair:3   | Reached XP level 12. HP: 125/125 MP: 11/11
 13261 | Lair:3   | Identified a scroll of acquirement
 13261 | Lair:3   | Acquired the +3 pair of gloves of Conscience {rN++ rCorr
                  | Dex-2 Stlth+}
 13602 | Lair:4   | Noticed a five-headed hydra
 13737 | Lair:4   | Noticed a six-headed hydra
 14872 | D:10     | Entered Level 10 of the Dungeon
 15017 | D:11     | Noticed a two-headed ogre
 15022 | D:11     | Reached skill level 5 in Throwing
 15028 | D:11     | Killed a two-headed ogre
 15135 | D:11     | Reached ****** piety under Trog
 15135 | D:11     | Received a gift from Trog
 15225 | D:11     | Noticed a two-headed ogre
 15233 | D:11     | Killed a two-headed ogre
 15233 | D:11     | Reached skill level 10 in Armour
 15470 | D:11     | Noticed a centaur warrior
 15472 | D:11     | Found a staircase to the Orcish Mines.
 15479 | D:11     | Killed a centaur warrior
 15594 | Orc:1    | Entered Level 1 of the Orcish Mines
 15662 | Orc:2    | Entered Level 2 of the Orcish Mines
 15764 | Orc:2    | Found a staircase to the Elven Halls.
 15832 | Orc:2    | Reached XP level 13. HP: 123/132 MP: 12/12
 15879 | Orc:2    | Found a transporter.
 15888 | Orc:2    | Noticed iles's ghost (journeyman MiBe)
 15896 | Orc:2    | Found a transporter.
 15898 | Orc:2    | Identified the +9 battleaxe of the Final Chapter {elec, rN+
                  | Int+2 Dex+3}
 15911 | Orc:2    | Found a bloodstained altar of Trog.
 15934 | Orc:2    | Noticed an orc warlord
 16328 | Orc:2    | Found a roughly hewn altar of Beogh.
 16329 | Orc:2    | Found Ucuahew's Antique Weapon Shoppe.
 16340 | Orc:2    | Reached skill level 15 in Axes
 16505 | Orc:2    | Found a roughly hewn altar of Beogh.
 16544 | Orc:2    | Found a roughly hewn altar of Beogh.
 16549 | Orc:2    | Received a gift from Trog
 16570 | Orc:2    | Found Xomnod's Armour Boutique.
 16627 | Orc:2    | Found a roughly hewn altar of Beogh.
 16697 | Orc:2    | Killed an orc warlord
 16781 | Orc:2    | Found Guvig's Antique Armour Boutique.
 16782 | Orc:2    | Found a roughly hewn altar of Beogh.
 16785 | Orc:2    | Found Ecruq's Antique Weapon Shop.
 16830 | Orc:2    | Found a roughly hewn altar of Beogh.
 16959 | D:11     | Got a fading hand axe
 16960 | D:11     | Identified the +11 hand axe of Coaplaah {freeze, MR++ Int+4
                  | Dex-5} (You found it on level 11 of the Dungeon)
 17109 | D:12     | Noticed Urug
 17126 | D:12     | Killed Urug
 18581 | D:13     | Received a gift from Trog
 18754 | D:13     | Found Pebbial's Jewellery Emporium.
 19048 | D:13     | Found Wimueme's Book Shoppe.
 19083 | D:13     | Found Varumy's Weapon Emporium.
 19430 | D:14     | Reached XP level 14. HP: 135/140 MP: 13/13
 19499 | D:14     | Found a gate to the Vaults.
 19516 | D:14     | Reached skill level 16 in Axes
 20444 | D:15     | Entered Level 15 of the Dungeon
 20544 | D:15     | Received a gift from Trog
 20554 | D:15     | Reached skill level 15 in Armour
 20958 | D:15     | Reached skill level 17 in Axes
 21859 | D:15     | Received a gift from Trog
 21913 | D:15     | Found a staircase to the Depths.
 22263 | Lair:5   | Reached XP level 15. HP: 141/147 MP: 14/14
 22916 | Lair:6   | Entered Level 6 of the Lair of Beasts
 22941 | Lair:6   | Noticed Nessos
 22972 | Lair:6   | Reached skill level 18 in Axes
 22989 | Lair:6   | Killed Nessos
 23006 | Lair:6   | Found a gate leading to a gauntlet.
 23020 | Gauntlet | Entered a Gauntlet
 23020 | Gauntlet | Found a transporter.
 23020 | Gauntlet | Found a transporter.
 23020 | Gauntlet | Found a transporter.
 23154 | Gauntlet | Found a transporter.
 23157 | Gauntlet | Found a transporter.
 23159 | Gauntlet | Found a large runed translucent door.
 23160 | Gauntlet | Found a large runed translucent door.
 23161 | Gauntlet | Found a large runed translucent door.
 23161 | Gauntlet | Found a large runed translucent door.
 23161 | Gauntlet | Found a runed translucent door.
 23161 | Gauntlet | Found a runed translucent door.
 23162 | Gauntlet | Found a large runed translucent door.
 23162 | Gauntlet | Found a large runed translucent door.
 23162 | Gauntlet | Found a large runed translucent door.
 23162 | Gauntlet | Found a large runed translucent door.
 23163 | Gauntlet | Found a large runed translucent door.
 23163 | Gauntlet | Found a large runed translucent door.
 23164 | Gauntlet | Found a large runed translucent door.
 23164 | Gauntlet | Found a large runed translucent door.
 23165 | Gauntlet | Found a runed translucent gate.
 23165 | Gauntlet | Found a runed translucent gate.
 23165 | Gauntlet | Found a runed translucent gate.
 23167 | Gauntlet | Found a transporter.
 23178 | Gauntlet | Found a large runed translucent door.
 23179 | Gauntlet | Found a large runed translucent door.
 23181 | Gauntlet | Found a transporter.
 23189 | Gauntlet | Found a transporter.
 23208 | Gauntlet | Found a transporter.
 23216 | Gauntlet | Found a transporter.
 23234 | Gauntlet | Found a transporter.
 23286 | Gauntlet | Found a transporter.
 23318 | Gauntlet | Found a large runed translucent door.
 23319 | Gauntlet | Found a large runed translucent door.
 23373 | Gauntlet | Got a heavily runed hat
 23374 | Gauntlet | Identified the +0 hat "Haent" {rN+ Int+3} (You found it in
                  | a Gauntlet)
 23471 | Gauntlet | Identified Liucont's Reference Book on Flight and Cold
 24118 | Lair:6   | Acquired the amulet of Day {Spirit rF++ Str+3 Slay-4 SInv}
 24265 | Lair:6   | Received a gift from Trog
 24379 | Lair:6   | Found a staircase to the Slime Pits.
 24468 | Lair:6   | Reached skill level 19 in Axes
 24921 | Shoals:1 | Entered Level 1 of the Shoals
 25578 | Shoals:1 | Found Iginked's Distillery.
 25777 | Shoals:1 | Acquired an uncursed ring of protection from magic
 26368 | Shoals:2 | Received a gift from Trog
 26495 | Shoals:2 | Found Koryaca's Weapon Emporium.
 26525 | Shoals:2 | Reached XP level 16. HP: 95/155 MP: 15/15
 27765 | Shoals:3 | Reached skill level 20 in Axes
 28049 | Shoals:3 | Identified the Disquisition on Moulding and Confrontation
 28486 | Shoals:3 | Noticed a kraken
 28498 | Shoals:3 | Killed a kraken
 28598 | Shoals:3 | Noticed a kraken
 28607 | Shoals:3 | Killed a kraken
 28716 | Shoals:4 | Entered Level 4 of the Shoals
 28733 | Shoals:4 | Acquired the ring of Kitanesk {rPois rC+ Int+3}
 28942 | Shoals:4 | Noticed Polyphemus
 28954 | Shoals:4 | HP: 10/240 [death yak[Polyphemus] (11)]
 28956 | Shoals:4 | HP: 4/160 [poisoned by a sea snake]
 28966 | Shoals:4 | HP: 2/160 [death yak[Polyphemus] (19)]
 28966 | Shoals:4 | Slain by a death yak

Illustrated notes

Levels and vault maps discovered:
D:1:      ncdulo_lavacross, layout_basic
D:2:      layout_loops_corners, grunt_ministairs_14, uniq_natasha, uniq_terence
D:3:      layout_basic, serial_rivers, chequers_serial_rivers_micro_b,
          chequers_serial_rivers_marsh, chequers_serial_rivers_micro_b,
          chequers_serial_rivers_micro_a, first_ration
D:4:      layout_loops_ring, minmay_misc_feat_chi, minmay_misc_feat_enclosed,
          fedhas_altar_3, uniq_grinder
D:5:      layout_rooms, kennysheep_little_box, kennysheep_mini,
          minmay_temple_entry_crystal_x, basic_altar, corexii_checkpoint_a,
          chequers_serial_rivers_room_a, kennysheep_nondescript
D:6:      minmay_skewed_foursquare, layout_basic, grunt_temple_overflow_diamond
D:7:      cheibrodos_wizards_tower, layout_gridville,
          nicolae_dithmenos_shadow_blocks, nicolae_tso_besieged_by_evil,
          uniq_menkaure
D:8:      layout_basic, serial_shops, nicolae_shop_behind_doors,
          ebering_ghost_xom, grunt_ministairs_4, uniq_grum
D:9:      layout_layer_cave, david_lair_generic, hangedman_ranch
          [blue_anna_fruit_fields], fountainhead
D:10:     layout_basic, nicolae_trove_entry_diagonal
D:11:     layout_long_grid, orc_0_dummy, serial_shops, shop
D:12:     layout_grid_maze, uniq_urug
D:13:     layout_loops_ring, serial_shops, shop, shop_fountains,
          nicolae_shop_window_shopping
D:14:     layout_grid_maze, grunt_vaults_entry_tiered, minmay_gold_behind_fungi,
          minivault_12
D:15:     gammafunk_enter_depths_forms, layout_loops_ring, lemuel_round_altar,
          billiards_dpeg
Lair:1:   layout_concentric_octagons
Lair:2:   layout_gridlike, minmay_snake_entry_six_corridors,
          serial_bayou_shore_a
Lair:3:   layout_chaotic_city, elwin_shoals_entry_stream
Lair:4:   layout_cave_pods, kilobyte_rumbling_trees
Lair:5:   layout_cave_pods, ldierk_geyser, roderic_batcave, minivault_23
Lair:6:   minmay_lair_end_frog_pond, layout_regular_city,
          minmay_slime_entry_pillars, gauntlet_entry_generic,
          chequers_serial_rivers_small_a, uniq_nessos
Shoals:1: layout_shoals, serial_shops, nicolae_shop_behind_doors
Shoals:2: layout_shoals, serial_shops, nicolae_shop_statue_plus
Shoals:3: layout_shoals, hangedman_shoal_volcano
Shoals:4: shoals_end_grunt_ice, layout_shoals, ebering_ghost_rock_garden,
          uniq_polyphemus, uniq_mara
Orc:1:    layout_diamond_mine, uniq_erica
Orc:2:    grunt_orc_community_town_hall, layout_diamond_mine,
          grunt_orc_community_big_house_2, grunt_orc_community_big_house_1,
          grunt_orc_community_house_1, grunt_orc_community_house_2,
          grunt_orc_community_house_2, grunt_orc_community_house_2,
          grunt_orc_community_house_2, gammafunk_ghost_wrathful_warriors

Skill      XL: |  1  2  3  4  5  6  7  8  9 10 11 12 13 14 15 16 |
---------------+-------------------------------------------------+-----
Axes           | 4 5 6 7 9 10 12 14 15 17 19 20 | 20.0
Fighting       | 4 5 6 7 10 14 17 19 | 19.2
Armour         | 5 10 14 16 18 | 18.0
Throwing       | 2 6 8 |  8.0
Dodging        | |  2.1

Action                   |  1- 3 |  4- 6 |  7- 9 | 10-12 | 13-15 | 16-18 || total
-------------------------+-------+-------+-------+-------+-------+-------++-------
Melee: Hand axe          |    74 |   192 |   316 |   832 |  1093 |   295 ||  2802
       Headbutt          |     6 |    38 |    63 |   207 |   206 |    49 ||   569
       Battleaxe         |       |       |       |    83 |   134 |       ||   217
Throw: Javelin           |       |       |       |       |    18 |       ||    18
Invok: Berserk           |       |       |     2 |     2 |     5 |     1 ||    10
       Brothers in Arms  |       |       |     1 |       |     2 |       ||     3
  Use: Scroll            |       |     8 |     3 |    12 |    17 |     4 ||    44
       Potion            |       |     3 |       |       |    13 |     1 ||    17
 Stab: Sleeping          |     1 |       |       |       |       |       ||     1
       Distracted        |       |       |     2 |       |       |       ||     2
       Petrified         |       |       |       |       |       |     3 ||     3
  Eat: Ration            |     1 |     2 |     4 |     6 |     9 |     2 ||    24
Armor: Animal skin       |     6 |     3 |       |       |       |       ||     9
       Chain mail        |       |    75 |   107 |   107 |       |       ||   289
       Plate armour      |       |       |       |   449 |   774 |   210 ||  1433
Dodge: Dodged            |    57 |    52 |    90 |   274 |   363 |   107 ||   943

Table legend:
 A = Non-vault XP
 B = Vault XP
 C = Vault XP percentage of total XP
 D = Non-vault monster count
 E = Vault monster count
 F = Vault count percentage of total count
                 A         B        C        D         E       F
            +---------+---------+-------+---------+---------+-------
      Total |  133196 |   54778 |  29.1 |     653 |     256 |  28.2
            +---------+---------+-------+---------+---------+-------
        D:1 |      44 |       0 |   0.0 |      25 |       0 |   0.0
        D:2 |     248 |      71 |  22.3 |      26 |       4 |  13.3
        D:3 |     182 |       0 |   0.0 |      28 |       0 |   0.0
        D:4 |     430 |     254 |  37.1 |      21 |       1 |   4.5
        D:5 |     524 |       4 |   0.8 |      24 |       2 |   7.7
        D:6 |     626 |     207 |  24.8 |      17 |       2 |  10.5
        D:7 |    1303 |     894 |  40.7 |      17 |       9 |  34.6
        D:8 |    1788 |     738 |  29.2 |      21 |       7 |  25.0
        D:9 |    3421 |    2163 |  38.7 |      28 |      10 |  26.3
       D:10 |     955 |       0 |   0.0 |       8 |       0 |   0.0
       D:11 |    6428 |       0 |   0.0 |      36 |       0 |   0.0
       D:12 |   11472 |     824 |   6.7 |      61 |       1 |   1.6
       D:13 |    3197 |       0 |   0.0 |      32 |       0 |   0.0
       D:14 |    8344 |    7845 |  48.5 |      22 |      25 |  53.2
       D:15 |   18515 |    6590 |  26.2 |      51 |      19 |  27.1
     Lair:1 |    2295 |       0 |   0.0 |      15 |       0 |   0.0
     Lair:2 |    3089 |    1089 |  26.1 |      15 |      13 |  46.4
     Lair:3 |    2880 |    1701 |  37.1 |      14 |       4 |  22.2
     Lair:4 |    1920 |     881 |  31.5 |      11 |       6 |  35.3
     Lair:5 |    3942 |      69 |   1.7 |      15 |       9 |  37.5
     Lair:6 |   13066 |   13485 |  50.8 |      41 |      52 |  55.9
   Shoals:1 |   12283 |       0 |   0.0 |      30 |       0 |   0.0
   Shoals:2 |   13727 |       0 |   0.0 |      31 |       0 |   0.0
   Shoals:3 |   17210 |    3898 |  18.5 |      31 |       9 |  22.5
   Shoals:4 |    2187 |    2961 |  57.5 |       3 |       5 |  62.5
      Orc:1 |     335 |       0 |   0.0 |       6 |       0 |   0.0
      Orc:2 |    2785 |    6744 |  70.8 |      24 |      72 |  75.0
   Gauntlet |       0 |    4360 | 100.0 |       0 |       6 | 100.0
            +---------+---------+-------+---------+---------+-------
